 Dungeon Crawl Stone Soup version 0.30-a0-881-g1ff12e1e11 (webtiles) character file.

Game seed: 6155933996865919313

340 ytrimaz the Covered (level 7, -8/57 HPs)
             Began as a Meteoran Fighter on Mar 14, 2023.
             Killed by divine providence
             ... invoked by an orc priest
              (10 damage)
             ... on level 5 of the Dungeon.
             The game lasted 00:03:08 (2278 turns).

ytrimaz the Covered (Meteoran Fighter)              Turns: 2278, Time: 00:03:09

Health: -8/57      AC:  8    Str: 16 (19) XL:     7   Next: 12%
Magic:  8/8        EV: 10    Int:  7 (10) God:
Gold:   241        SH:  5    Dex: 18 (20) Spells: 6/6 levels left

rFire   . . .      SeeInvis .    a - +1 war axe
rCold   . . .      Faith    .    c - +0 buckler
rNeg    . . .      Spirit   .    e - +2 ring mail {Will+}
rPois   .          Reflect  .    (no helmet)
rElec   .          Rampage  .    (no cloak)
rCorr   .                        (no gloves)
Will    +....                    (no boots)
Stlth   +                        (no amulet)
HPRegen 0.29/turn                l - +6 ring of dexterity
MPRegen 0.11/turn                (no ring)

@: mighty, flying, glowing
A: sense surroundings 1, otherworldly, glowing, explore regen
a: no special abilities


You were on level 5 of the Dungeon.
You visited 1 branch of the dungeon, and saw 5 of its levels.

You collected 241 gold pieces.


Innate Abilities, Weirdness & Mutations

You passively map a small area around you.
You are easily found by Zot.
You glow in the dark.
You regain HP and MP as you explore.


   Skills:
 - Level 3.2 Fighting
 + Level 5.8 Axes
 + Level 6.5 Armour
 - Level 4.0 Shields


You had 6 spell levels left.
You didn't know any spells.
Your spell library contained the following spells:

 Spells                   Type           Power      Damage    Failure   Level
 Slow                     Hex            0%         N/A       71%         1
 Confusing Touch          Hex            0%         N/A       97%         3
 Vampiric Draining        Necr           0%         2d6       97%         3

Inventory:

Hand Weapons
 a - a +1 war axe (weapon)
Armour
 b - a +0 scale mail
 c - a +0 buckler (worn)
 e - a +2 ring mail of willpower (worn)
   (You found it on level 1 of the Dungeon)
 m - a +0 pair of gloves
   (You found it on level 2 of the Dungeon)
Jewellery
 l - a +6 ring of dexterity (left hand)
   (You found it on level 2 of the Dungeon)
Wands
 o - a wand of polymorph (10)
   (You found it on level 2 of the Dungeon)
Scrolls
 h - a scroll of noise
 j - a scroll of blinking
 k - 2 scrolls of teleportation
 p - 2 scrolls of enchant weapon
 q - 2 scrolls of identify
Potions
 f - 4 potions of flight
 i - a potion of berserk rage {unknown}
 n - 2 potions of curing
 r - a potion of lignification {unknown}
 s - a potion of heal wounds {unknown}

Dungeon Overview and Level Annotations

Branches:
Dungeon (5/15) Zot: 648
 Temple: D:4-7

Altars:

,, ,, ,,
............$. ,
...>.........
............, * ,
.............,,.. , ,
.............* .###
............###.#.##,
, ......ho##...#.....
* ,
......o@##.......#
,., * ,
......†.###......#...
......#...#..........
...[..#........#,, ,
.....####......### *
, .................#
* .#..##.#........###
, * *
*#####.#........... *
#..........###.# ,


You could see a hound and 2 orc priests.


Message History

The orc shouts!
You hear a bark!
The scorpion stings you but does no damage. 😕 HP[+2]
You regained 2 hp, and now have 49/51 hp.
Unknown command.
You barely miss the scorpion.
The scorpion stings you but does no damage.
You hit the scorpion. The scorpion barely misses you.
The orc priest calls down the wrath of Beogh upon you.
Beogh smites you!
You block the scorpion's attack. 😮 HP[-15]
You take 15 damage, and now have 34/51 hp.
MASSIVE DAMAGE!! (PAUSE)
You are too injured to fight recklessly!
You hit the scorpion.
A hound comes into view.
An orc comes into view. It is wielding a +0 whip.
The scorpion stings you but does no damage.
The orc priest hits you but does no damage.
The scorpion stings you but does no damage.
You are too injured to fight recklessly!
You slash the scorpion!
You kill the scorpion!
You hit the orc priest but do no damage.
You hear the slow hiss of an avalanche of sand nearby.
The orc priest looks encouraged for a moment.
You have reached level 7!
You hit the orc priest. You barely miss the orc. The orc closely misses you.
The orc priest hits you with a +0 dagger of protection. 😮 MP[+1]
You now have 57 max hp (+6).
Your mp is fully restored (8).
You closely miss the orc priest. You hit the orc.
The orc priest barely misses you. The orc hits you but does no damage.
Unknown command.
You closely miss the orc priest. You slash the orc!
You kill the orc!
An orc priest comes into view. It is wielding a +0 falchion.
The orc priest hits you with a +0 dagger of protection.
You block the hound's attack. 😮 HP[-3]
You take 3 damage, and now have 31/57 hp.
You closely miss the orc.
The orc priest shouts!
You hit the hound. The hound barely misses you.
The orc priest invokes the aid of Beogh against you.
Beogh smites you!
* * * LOW HITPOINT WARNING * * *
The hound misses you. 😨 HP[-16]
You take 16 damage, and now have 15/57 hp.
MASSIVE DAMAGE!! (PAUSE)
You slash the orc!
You kill the orc!
You hit the hound. You block the hound's attack.
You are too injured to fight recklessly!
Unknown command.
It was a potion of flight.
You feel very buoyant.
You fly up into the air.
The hound barely misses you.
You block the hound's attack. 😨 HP[+1] It was a potion of degeneration.
There was something very wrong with that liquid.
You feel weakened.
You feel dopey.
You feel clumsy. The hound bites you but does no damage.
The orc priest hits you but does no damage.
It was a potion of curing.
You feel better. The hound bites you but does no damage.
The orc priest closely misses you.
The hound bites you but does no damage. 😨 HP[+7]
You regained 7 hp, and now have 23/57 hp.
You feel very mighty all of a sudden. The hound closely misses you.
The orc priest hits you but does no damage. 😨 HP[+1] Unknown command.
You closely miss the orc priest. You hit the hound. You slash the orc priest!
The hound pauses to sniff the ground.
The hound bites you.
* * * LOW HITPOINT WARNING * * *
The orc priest calls down the wrath of Beogh upon you.
Beogh smites you!
* * * LOW HITPOINT WARNING * * *
The hound bites you.
* * * LOW HITPOINT WARNING * * *
You block the orc priest's attack. 😱 HP[-15]
You take 15 damage, and now have 9/57 hp.
MASSIVE DAMAGE!! (PAUSE) Unknown command.
You barely miss the orc priest. You barely miss the hound.
You closely miss the orc priest. The hound bites you.
* * * LOW HITPOINT WARNING * * *
The orc priest hits you but does no damage.
The orc priest hits you with a +0 falchion.
* * * LOW HITPOINT WARNING * * *
The hound completely misses you.
The orc priest invokes the aid of Beogh against you.
Beogh smites you!
You die...

Skill      XL: |  1  2  3  4  5  6 |
---------------+-------------------+-----
Shields        | 4 |  4.0
Armour         | 4 5 6 |  6.5
Axes           | 3 4 5 |  5.8
Fighting       | |  3.2

Action                     |  1- 3 |  4- 6 |  7- 9 || total
---------------------------+-------+-------+-------++-------
  Melee: War axe           |    85 |   119 |     7 ||   211
    Use: Scroll            |     1 |     4 |       ||     5
         Potion            |       |       |     4 ||     4
 Armour: Ring mail         |    47 |    73 |     7 ||   127
         Scale mail        |     5 |       |       ||     5
  Dodge: Dodged            |    41 |    61 |     8 ||   110
  Block: Buckler           |    28 |    35 |     4 ||    67

Levels and vault maps discovered:
D:1:      dpeg_arrival_rhombi, layout_basic, chequers_serial_rivers_micro_d,
          kennysheep_flooded_box
D:2:      layout_basic, minmay_quadrilaterals
D:3:      layout_basic
D:4:      layout_basic, minmay_misc_feat_roman
D:5:      layout_cave_pools, minmay_temple_entry_tees,
          lightli_ossuary_entry_decrepit_ruins

Notes
Turn   | Place    | Note
-------+----------+-------------------------------------------
     0 | D:1      | ytrimaz the Meteoran Fighter began the quest for the Orb.
     0 | D:1      | Reached XP level 1. HP: 19/19 MP: 2/2
     0 | D:1      | magus.rc [v1.9.6]
   146 | D:1      | Reached XP level 2. HP: 26/26 MP: 3/3
   278 | D:1      | Reached skill level 4 in Shields
   447 | D:1      | Reached skill level 4 in Armour
   478 | D:1      | Glimpsed the power of Zot.
   528 | D:1      | Glimpsed the power of Zot.
   569 | D:2      | Reached skill level 3 in Axes
   569 | D:2      | Reached XP level 3. HP: 29/31 MP: 4/4
   752 | D:2      | Reached XP level 4. HP: 33/38 MP: 5/5
  1061 | D:2      | Glimpsed the power of Zot.
  1482 | D:3      | Reached skill level 4 in Axes
  1551 | D:4      | Reached skill level 5 in Armour
  1551 | D:4      | Reached XP level 5. HP: 45/45 MP: 6/6
  1770 | D:4      | Reached skill level 5 in Axes
  1770 | D:4      | Reached XP level 6. HP: 48/51 MP: 7/7
  1829 | D:4      | You pick up a book of Debilitation and begin reading...
  1829 | D:4      | You add the spells Slow, Vampiric Draining and Confusing
                  | Touch to your library.
  2176 | D:5      | Entered Level 5 of the Dungeon
  2202 | D:5      | Reached skill level 6 in Armour
  2268 | D:5      | Reached XP level 7. HP: 39/57 MP: 8/8
  2277 | D:5      | HP: 13/57 [orc priest/divine providence (8)]
  2278 | D:5      | HP: 6/57 [hound (3)]
  2278 | D:5      | HP: 2/57 [orc priest/+0 falchion (4)]
  2278 | D:5      | Killed from afar by an orc priest

Vanquished Creatures
  A scorpion (D:5)
  A sleepcap (D:5)
  2 hounds
  An orc wizard (D:4)
  2 iguanas
  3 adders
  A shadow imp (D:5)
  2 ufetubi (D:4)
  3 worms
  12 orcs
  3 endoplasms
  A giant cockroach (D:1)
  4 goblins
  3 hobgoblins
  2 jackals (D:2)
  A quokka (D:2)
  4 ball pythons
  8 bats
  7 frilled lizards
  4 kobolds
  5 rats
70 creatures vanquished.

Table legend:
 A = Non-vault XP
 B = Vault XP
 C = Vault XP percentage of total XP
 D = Non-vault monster count
 E = Vault monster count
 F = Vault count percentage of total count
                 A         B        C        D         E       F
            +---------+---------+-------+---------+---------+-------
      Total |     476 |      11 |   2.3 |      65 |       5 |   7.1
            +---------+---------+-------+---------+---------+-------
        D:1 |      20 |       0 |   0.0 |      16 |       0 |   0.0
        D:2 |      49 |      11 |  18.3 |      15 |       5 |  25.0
        D:3 |      24 |       0 |   0.0 |      11 |       0 |   0.0
        D:4 |     161 |       0 |   0.0 |      15 |       0 |   0.0
        D:5 |     222 |       0 |   0.0 |       8 |       0 |   0.0
            +---------+---------+-------+---------+---------+-------

Illustrated notes

Table legend:
 A = Kills in this place as a percentage of kills in the entire game.
 B = Kills by you in this place as a percentage of kills by you in the entire game.
 C = Kills by friends in this place as a percentage of kills by friends in the entire game.
 D = Other kills in this place as a percentage of other kills in the entire game.
 E = Experience gained in this place as a percentage of experience gained in the entire game.
 F = Experience gained in this place divided by the number of levels of this place that you have seen.
                   A       B       C       D       E      F
               +-------+-------+-------+-------+-------+----------------------
         Total | 100.0 | 100.0 |   N/A |   N/A | 100.0 |  97.4
       Dungeon | 100.0 | 100.0 |   N/A |   N/A | 100.0 |  97.4
               +-------+-------+-------+-------+-------+----------------------

Table legend: (Time is in decaauts)
 A = Elapsed time spent in this place.
 B = Non-inter-level travel time spent in this place.
 C = Inter-level travel time spent in this place.
 D = Time resting spent in this place.
 E = Time spent auto-exploring this place.
 F = Levels seen in this place.
 G = Mean time per level.
                   A        B        C        D        E       F      G
               +--------+--------+--------+--------+--------+-----+--------+
         Total |   2350 |   2241 |    109 |      0 |   1613 |   5 |  470.0 |
       Dungeon |   2350 |   2241 |    109 |      0 |   1613 |   5 |  470.0 |
               +--------+--------+--------+--------+--------+-----+--------+

Top non-repeatable levels by time:
     D:4: 646 daAuts
     D:2: 558 daAuts
     D:1: 557 daAuts
     D:3: 475 daAuts
     D:5: 112 daAuts
